 Dungeon Sprint DCSS version 0.24.0-125-gc4c63601f3 (webtiles) character file.

Game seed: 5297078922701054845, levelgen mode: deterministic

23 Ponchio the Digger (level 2, 3/15 HPs)
             Began as a Deep Elf Earth Elementalist on Feb 29, 2020.
             Got out of the dungeon alive.
             The game lasted 00:00:55 (20 turns).

Ponchio the Digger (Deep Elf Earth Elementalist)      Turns: 20, Time: 00:00:55

Health: 3/15       AC:  2    Str:  5    XL:     2   Next: 75%
Magic:  1/10       EV: 13    Int: 19    God:
Gold:   0          SH:  0    Dex: 15    Spells: 10/11 levels left

rFire    . . .     SeeInvis .   (no weapon)
rCold    . . .     Gourm    .   (no shield)
rNeg     . . .     Faith    .   c - +0 robe
rPois    .         Spirit   .   (no helmet)
rElec    .         Reflect  .   (no cloak)
rCorr    .         Harm     .   (no gloves)
MR       .....     NoTele   +   (no boots)
Stlth    ++........             (no amulet)
HPRegen  0.05/turn              (no ring)
MPRegen  0.12/turn              (no ring)

@: lethally poisoned (3 -> -11), very slightly contaminated, hasted, very quick
A: no striking features
a: no special abilities


You escaped.
You were not hungry.

You visited 1 branch

Inventory:

Missiles
 b - 19 stones (quivered)
Armour
 c - a +0 robe (worn)
Scrolls
 j - a scroll of blinking
Potions
 h - a potion of magic
 i - a potion of berserk rage
Comestibles
 d - a ration


   Skills:
 - Level 2.4 Dodging
 - Level 2.4 Stealth
 + Level 5.1 Spellcasting
   Level 1.1 Transmutations
 * Level 6.0 Earth Magic


You had 10 spell levels left.
You knew the following spells:

 Your Spells              Type           Power        Failure   Level  Hunger
a - Sandblast             Erth           ####..       1%          1    None

Your spell library contained the following spells:

 Spells                   Type           Power        Failure   Level  Hunger
 Passwall                 Tmut/Erth      ###.....     4%          2    #......
 Stone Arrow              Conj/Erth      ###...       11%         3    ##.....
 Petrify                  Tmut/Erth      ###.....     28%         4    ####...
 Lee's Rapid Deconstruct  Erth           ####......   28%         5    ######.


Dungeon Overview and Level Annotations

Branches:
Dungeon (1/1)

Altars:


Message History

The blast of sand hits the worker ant.
The worker ant is lightly wounded.
b - 20 stones You feel sick.
Casting: Sandblast (safe; 1% risk of failure)
Confirm with . or Enter, or press ? or * to list all spells.
Aiming: Sandblast (safe; 1% risk of failure)
Press: ? - help, Shift-Dir - straight line, f/p - worker ant
Aim: a worker ant (lightly wounded)
The blast of sand misses the worker ant.
b - 19 stones You feel sick.
The worker ant bites you.
* * * LOW HITPOINT WARNING * * *
The worker ant waves its antennae.
Okay, then.
There is a staircase leading out of the dungeon here.
Are you sure you want to leave the Dungeon?
This will make you lose the game!
* * * LOW HITPOINT WARNING * * *
You feel sick. The worker ant misses you.
You have escaped!

# #+# .#
##.##..#
+.@aa#
##.##a.#
#+# .# #


You could see 3 worker ants.

Vanquished Creatures
  A worker ant (D)
1 creature vanquished.

Notes
Turn   | Place    | Note
-------+----------+-------------------------------------------
     0 | D        | Ponchio the Deep Elf Earth Elementalist began the quest for
                  | the Orb.
     0 | D        | Reached XP level 1. HP: 10/10 MP: 6/6
     1 | D        | Noticed a worker ant
     1 | D        | Noticed a worker ant
     1 | D        | Noticed a worker ant
     1 | D        | Noticed a worker ant
    15 | D        | Killed a worker ant
    15 | D        | Reached skill level 5 in Spellcasting
    15 | D        | Reached skill level 6 in Earth Magic
    15 | D        | Reached XP level 2. HP: 12/15 MP: 2/10
    20 | D        | Got out of the dungeon alive.

Levels and vault maps discovered:
D:        the_violet_keep_of_menkaure [sprint2_stairs_cluster_1,
          sprint2_shoproom, sprint2_temple, sprint2_basic_supplies,
          sprint2_obstacle_4, sprint2_obstacle_2, sprint2_obstacle_6,
          sprint2_obstacle_5, sprint2_obstacle_7, sprint2_timed_cluster_1,
          sprint2_smallroom_cluster_1, sprint2_smallroom_final_cluster_1,
          sprint2_transparent_cluster_1, sprint2_second_timed_cluster_1,
          sprint2_sniper_area_1, sprint2_heavy_combat_area_1,
          sprint2_mutation_trap_area_1, sprint2_forest_area_1,
          sprint2_light_combat_area_1, sprint2_behind_water_1,
          sprint2_near_end_vault_1]

Skill      XL: |  1 |
---------------+----+-----
Spellcasting   | 5 |  5.1
Earth Magic    | 6 |  6.0
Dodging        | |  2.4
Stealth        | |  2.4
Transmutations | |  1.1

Action                   || total
-------------------------++-------
 Cast: Sandblast         ||    11
  Use: Potion            ||     4
Armor: Robe              ||     1
Dodge: Dodged            ||     6
